 Dungeon Crawl Stone Soup version 0.23.0 (webtiles) character file.

Game seed: 16196987791657855154

116 Raclure the Covered (level 4, -4/40 HPs)
             Began as a Minotaur Fighter on Feb 12, 2019.
             Slain by a gnoll
             ... wielding a +0 halberd
              (6 damage)
             ... on level 2 of the Dungeon.
             The game lasted 00:14:16 (1196 turns).

Raclure the Covered (Minotaur Fighter)              Turns: 1196, Time: 00:14:16

Health: -4/40      AC:  9    Str: 27    XL:     4   Next: 69%
Magic:  3/3        EV:  8    Int:  5    God:
Gold:   89         SH: 10    Dex:  9    Spells: 3/3 levels left

rFire    . . .     SeeInvis .   a - +0 flail
rCold    . . .     Gourm    .   c - +0 shield
rNeg     . . .     Faith    .   b - +1 scale mail
rPois    .         Spirit   .   (helmet restricted)
rElec    .         Reflect  .   (no cloak)
rCorr    .         Harm     .   k - +0 pair of gloves
MR       .....                  (no boots)
Stlth    ..........             (no amulet)
HPRegen  0.13/turn              (no ring)
MPRegen  0.08/turn              (no ring)

@: mighty
A: retaliatory headbutt, horns 2
a: no special abilities


You were on level 2 of the Dungeon.
You were not hungry.

You visited 1 branch of the dungeon, and saw 2 of its levels.

You collected 89 gold pieces.

Inventory:

Hand Weapons
 a - a +0 flail (weapon)
 h - a +0 dagger
 j - a +0 short sword
Missiles
 i - 19 poisoned needles
Armour
 b - a +1 scale mail (worn)
 c - a +0 shield (worn)
 k - a +0 pair of gloves (worn)
 m - a +0 robe
Scrolls
 e - a scroll of fog
 n - a scroll of remove curse
Potions
 g - a potion of lignification
 o - 2 potions of ambrosia {unknown}
 p - a potion of degeneration {unknown}
Comestibles
 f - a ration
 l - 4 chunks of flesh


   Skills:
 + Level 4.0 Fighting
 + Level 3.8 Maces & Flails
 + Level 4.6 Armour
 + Level 0.5 Dodging
 + Level 4.6 Shields


You had 3 spell levels left.
You didn't know any spells.
Your spell library was empty.

Dungeon Overview and Level Annotations

Branches:
Dungeon (2/15)

Altars:


Innate Abilities, Weirdness & Mutations

You reflexively headbutt those who attack you in melee.
You have a pair of horns on your head.


Message History

Unknown command.
The gnoll sergeant barely misses you. The gnoll barely misses you.
The gnoll hits you with a +0 halberd.
* * * LOW HITPOINT WARNING * * *
As you read the scroll labeled WETABB VOXZAL, it crumbles to dust.
It is a scroll of identify.
g - a potion of lignification The gnoll barely misses you.
The gnoll sergeant closely misses you.
You feel very mighty all of a sudden. You block the gnoll's attack.
The gnoll sergeant barely misses you. You block the gnoll sergeant's attack.
You block the gnoll's attack.
You bludgeon the gnoll sergeant!!
You kill the gnoll sergeant!
You have reached level 4!
You feel stronger.
The gnoll hits you from afar with a +0 halberd.
* * * LOW HITPOINT WARNING * * *
You block the gnoll's attack.
The gnoll hits you from afar with a +0 halberd.
You die...

########...............
# ###...##.#......
###.....?..?..
#.##.§§...=.
#..§#§§§.... ###§§§§##
##§§§# ##§gg# #@§##
#..# ####


You could see 2 gnolls.

Vanquished Creatures
  A gnoll sergeant (D:2)
  An adder (D:2)
  A gnoll (D:2)
  A dart slug (D:2)
  2 bats (D:2)
  2 giant cockroaches
  8 goblins
  2 hobgoblins (D:1)
  7 jackals (D:1)
  3 kobolds
  2 quokkas (D:2)
  A frilled lizard (D:2)
  A rat (D:1)
32 creatures vanquished.

Notes
Turn   | Place    | Note
-------+----------+-------------------------------------------
     0 | D:1      | Raclure the Minotaur Fighter began the quest for the Orb.
     0 | D:1      | Reached XP level 1. HP: 19/19 MP: 0/0
    80 | D:1      | Reached XP level 2. HP: 15/27 MP: 1/1
   903 | D:2      | Reached XP level 3. HP: 33/33 MP: 2/2
  1173 | D:2      | Noticed a gnoll sergeant
  1196 | D:2      | Killed a gnoll sergeant
  1196 | D:2      | Reached XP level 4. HP: 5/40 MP: 3/3
  1196 | D:2      | HP: 2/40 [gnoll/+0 halberd (3)]
  1196 | D:2      | Slain by a gnoll

Skill      XL: |  1  2 |
---------------+-------+-----
Shields        | 4 |  4.6
Armour         | 4 |  4.6
Fighting       | 4 |  4.0
Maces & Flails | 3 |  3.8
Dodging        | |  0.5

Action                   |  1- 3 |  4- 6 || total
-------------------------+-------+-------++-------
Melee: Flail             |    84 |       ||    84
       Headbutt          |     6 |       ||     6
  Use: Scroll            |     6 |       ||     6
       Potion            |     1 |       ||     1
  Eat: Chunk             |     1 |       ||     1
Armor: Scale mail        |    40 |       ||    40
Dodge: Dodged            |    38 |       ||    38
Block: Shield            |    56 |     1 ||    57
